[Event "*** Titled Tuesday Blitz"]
[Site "Chess.com"]
[Date "2020.11.10"]
[Round "1"]
[White "124chess"]
[Black "Phenix2k"]
[Result "1-0"]
[WhiteElo "2743"]
[BlackElo "2388"]
[TimeControl "180+1"]
[EndTime "10:08:24 PST"]
[Termination "124chess won by resignation"]

1. e4 e5 2. Nf3 Nc6 3. Bc4 Nf6 4.
d3 Bc5 5. c3 d6 6. Bb3 O-O 7. Nbd2 a5 8. O-O h6 9. h3 Ba7 10. Re1 Re8 11. Nf1 Be6 12. Bc2 d5 13.
exd5 Bxd5 14. Ng3 Qd6 15. Nh4 Rad8 16. Nhf5 Qf8 17. Bd2 Be6 18. Qf3 Nh7 19. Rad1 Kh8 20. h4 Bc5 21. Ne4 Be7 22. g3 Bxf5 23. Qxf5 g6 24. Qf3 f5 25. d4 exd4 26. cxd4 fxe4 27. Qxe4 Nxd4 28. Bc3 Bf6 29. Qxg6 Rxe1+ 30. Rxe1 Nxc2 31.
Qxc2 Bxc3 32. Qxc3+ Qg7 33. Qxg7+ Kxg7 34. Re7+ Kg6 35.
Rxc7 b5 36. Rc5 Rb8 37. Kg2 Nf6 38. f3 a4 39. g4 b4 40. Ra5 b3 41. Rxa4 bxa2 42. Rxa2 Nd5 43. Kg3 Rb3 44. h5+ Kg7 45.
Ra7+ Kg8 46. Rd7 Nf6 47. Ra7 Rxb2 48. Kf4 Rb5 49. Ra6 Nd5+ 50. Ke4 Ne7 51. Ra7 Kf7 52. Kf4 Kf6 53. Ra6+ Kf7 54. Ra7 Kf6 55. Ra6+ Kf7 56. Rxh6 Rb4+ 57. Kg3 Nd5 58. Ra6 Nf6 59. f4 Nd5 60. Ra7+ Kf6 61. Ra5 Nxf4 62. Rf5+ Ke6 63. Rxf4 Rb3+ 64. Kh4 Ke5 65. Rf5+ Ke6 66. Rf1 1-0

[Event "*** Titled Tuesday Blitz"]
[Site "Chess.com"]
[Date "2020.11.10"]
[Round "1"]
[White "hermionegrangermagic"]
[Black "natelleka"]
[Result "0-1"]
[WhiteElo "2515"]
[BlackElo "2168"]
[TimeControl "180+1"]
[EndTime "10:08:25 PST"]
[Termination "natelleka won by resignation"]

1. e4 e5 2. Nf3 Nf6 3. Nxe5 Nxe4 4. Qe2 Qe7 5. Qxe4 d6 6. d4 dxe5 7. dxe5 Nc6 8. Bf4 g5 9. Bg3 f5 10. Qe2 f4 11. Nc3 fxg3 12. Nd5 gxf2+ 13. Kd2 Qd8 14. Qh5+ Kd7 15. Qf7+ Ne7 16. Nf6+ Kc6+ 17. Ke2 Qd4 18. Rd1 Qxe5+ 19. Kxf2 Be6 20. Qh5 Qxf6+ 21. Ke1 Qe5+ 22. Be2 Nd5 23. Qf3 Bc5 24. c4 Rhf8 25. cxd5+ Bxd5 26. Qxd5+ Qxd5 27. Bb5+ Kd6 28. Rxd5+ Kxd5 29. Ke2 Rf2+ 30. Kd3 Rxg2 31. Bc4+ Kd6 32. Re1 Rxb2 33. Re6+ Kd7 34. Rf6 Rxh2 35. Rf7+ Ke8 36. Rg7 Rd8+ 37. Kc3 Rf2 38.
Rxh7 Bd4+ 39. Kb4 a6 40. a4 c5+ 41. Ka5 Bc3+ 42. Kb6 Rd6+ 43. Kc7 Rd8 44. Rh8+ Bxh8 45.
Kxb7 Rd6 46. Bb5+ Ke7 47. Bxa6 Rfd2 48. Bb5 Be5 49. a5 g4 50. a6 Ra2 51. a7 Rxa7+ 52. Kxa7 g3 53. Bf1 Rd1 54. Ka6 Rxf1 55. Kb5 g2 56. Kxc5 g1=Q+ 57. Kd5 Re1 58. Kc6 Qd4 59. Kb7 Rc1 0-1

[Event "*** Titled Tuesday Blitz"]
[Site "Chess.com"]
[Date "2020.11.10"]
[Round "1"]
[White "Orest_Vovk"]
[Black "Fortitudine"]
[Result "0-1"]
[WhiteElo "2564"]
[BlackElo "2277"]
[TimeControl "180+1"]
[EndTime "10:08:26 PST"]
[Termination "Fortitudine won by resignation"]

1. d4 Nf6 2. Bf4 d6 3. e3 g6 4. Nf3 Bg7 5. Be2 O-O 6. O-O b6 7. Nbd2 Ba6 8. Bxa6 Nxa6 9. c3 c5 10. Qe2 Qc8 11. a4 Nc7 12. a5 Qb7 13. h3 b5 14. dxc5 dxc5 15. Bxc7 Qxc7 16. Qxb5 Rab8 17. Qc4 Rxb2 18. Nb3 Rb8 19. Qxc5 Qxc5 20. Nxc5 Nd5 21. c4 Nc3 22. Nd3 R2b3 23. Nde5 Rc8 24. Nd4 Ne2+ 25. Nxe2 Bxe5 26. Rac1 Rb4 27. Rc2 Rbxc4 28. Rxc4 Rxc4 29.
Rc1 Ra4 30. f4 Bd6 31. Rc8+ Kg7 32. Nd4 Rxa5 33. Nc6 Rc5 34. Nxa7 Ra5 35. Nc6 Ra2 36. Nd4 Rd2 37. Rc3 Bxf4 38. Ne6+ fxe6 39. exf4 Kf6 40. Re3 Kf5 41. Re5+ Kxf4 42. Rxe6 Rd7 43. Kf2 Kf5 44. Re3 e5 45. g4+ Ke6 46. Kf3 Rd2 47. Ra3 Rd6 48. Ra7 h5 49. gxh5 gxh5 50. Rh7 Rd3+ 51.
Kg2 Rd2+ 52. Kg3 Rd3+ 53. Kh4 e4 54. Rh6+ Kf7 55. Rxh5 e3 56. Re5 Kf6 57. Re8 Kf5 58. Rf8+ Ke4 59. Re8+ Kf3 60. Rf8+ Kg2 61. Re8 Kf2 62. Kg5 e2 63. h4 Rg3+ 64. Kf4 Rh3 65. Rxe2+ Kxe2 66. Kg4 Rh1 67. h5 Ke3 68. Kg5 Ke4 69. Kg6 Ke5 70. h6 Ke6 71. h7 Rg1+ 72.
Kh6 Kf7 73. h8=Q Rh1+ 0-1

[Event "*** Titled Tuesday Blitz"]
[Site "Chess.com"]
[Date "2020.11.10"]
[Round "1"]
[White "Piotrek1979"]
[Black "rasmussvane"]
[Result "1-0"]
[WhiteElo "2467"]
[BlackElo "2877"]
[TimeControl "180+1"]
[EndTime "10:08:28 PST"]
[Termination "Piotrek1979 won on time"]

1. Nf3 d5 2. b3 Bg4 3. Bb2 Nf6 4. g3 e6 5. Bg2 Bd6 6. O-O O-O 7.
Ne5 Bh5 8. f4 Qe7 9. Qe1 Nc6 10.
d3 Bc5+ 11. e3 Rad8 12. Nxc6 bxc6 13. Nd2 Rfe8 14. h3 Bg6 15. Nf3 Nd7 16. Kh2 f6 17. e4 e5 18. fxe5 Nxe5 19. Nxe5 fxe5 20. Qe2 Bd4 21. c3 Bb6 22. Rad1 h6 23. Bf3 Rf8 24.
Bc1 d4 25. c4 Bc5 26. Bg4 Ba3 27. Bd2 Bb4 28. Bxb4 Qxb4 29. Be6+ Kh7 30. h4 Qe7 31.
Qg4 Rf6 32. Bf5 Rdf8 33. h5 Bxf5 34. Rxf5 Rxf5 35. exf5 Qf6 36. Rf1 Re8 37. Qg6+ Qxg6 38. fxg6+ Kg8 39. Rf7 e4 40. dxe4 Rd8 41. Rf2 d3 42.
Rd2 Kf8 43. Kg2 Ke7 44. Kf3 Kf6 45. Ke3 Kg5 46. Rxd3 Rxd3+ 47. Kxd3 Kxh5 48. Kd4 Kxg6 49. Kc5 Kf6 50. Kxc6 h5 51. Kxc7 Ke5 52. c5 g5 53.
c6 h4 54. gxh4 gxh4 55. Kb7 h3 56. c7 h2 57. c8=Q h1=Q 58. Qc7+ Kd4 59. Qd6+ Ke3 60. Qd5 Qa1 61. a4 Qg7+ 62. Ka6 Qc7 63. a5 Qb8 64. e5 Qb4 65. e6 Qb8 66. Qc6 Qd8 67. b4 Qe7 68. b5 Qd8 69. Qc5+ Ke4 70. e7 1-0

[Event "*** Titled Tuesday Blitz"]
[Site "Chess.com"]
[Date "2020.11.10"]
[Round "1"]
[White "Sanan_Sjugirov"]
[Black "Qvalda"]
[Result "1-0"]
[WhiteElo "2831"]
[BlackElo "2409"]
[TimeControl "180+1"]
[EndTime "10:08:28 PST"]
[Termination "Sanan_Sjugirov won on time"]

1. e4 c6 2. d4 d5 3. e5 Bf5 4.
Nd2 e6 5. Nb3 h6 6. Nf3 Bh7 7. Be2 Nd7 8. O-O Ne7 9. a4 Nf5 10. a5 Be7 11. Bd2 O-O 12. c4 dxc4 13. Bxc4 b5 14. Bd3 a6 15. g4 Nh4 16. Bxh7+ Kxh7 17. Nxh4 Bxh4 18. Rc1 Rc8 19. Be3 c5 20. Nxc5 Nxc5 21.
dxc5 Qxa5 22. Qd4 Rfd8 23. Qe4+ Kg8 24. Ra1 Qc7 25. Rxa6 Rd5 26. Rd6 Be7 27. Rxd5 exd5 28. Qxd5 Rd8 29. Qe4 b4 30. e6 fxe6 31. Qxe6+ Kh8 32.
Rc1 Bf6 33. Rc4 b3 34. Rb4 Bxb2 35. Rxb3 Be5 36. h3 Bf4 37. c6 Bxe3 38. Rxe3 Rd6 39.
Qe8+ Kh7 40. Qe4+ Kh8 41. Rf3 Rd8 42. Kg2 Qd6 43. Rc3 Rc8 44. h4 Qc7 45. g5 Qd6 46. g6 Qf6 47. Rc4 Qd6 48. h5 Qc7 49. Qd5 Qe7 50. Qf5 Qc7 51. Kg1 Qd8 52. Qd7 Qf8 53.
Rf4 Qg8 54. Re4 Qf8 55. c7 Qg8 56. Re7 Qf8 57. Re4 Qg8 58. Rd4 Qf8 59. Qxc8 1-0

[Event "*** Titled Tuesday Blitz"]
[Site "Chess.com"]
[Date "2020.11.10"]
[Round "1"]
[White "Matveev_Vladimir"]
[Black "GMJustin"]
[Result "1-0"]
[WhiteElo "2682"]
[BlackElo "2347"]
[TimeControl "180+1"]
[EndTime "10:08:28 PST"]
[Termination "Matveev_Vladimir won on time"]

1. d4 d5 2. c4 dxc4 3. Nf3 a6 4. a4 Nc6 5. e3 e5 6. d5 Bb4+ 7. Nc3 Na5 8. Nxe5 Nf6 9. Nxc4 Qxd5 10. Bd2 Bxc3 11. Bxc3 Nxc4 12. Qxd5 Nxd5 13. Bxc4 Nxc3 14. bxc3 Ke7 15. a5 Be6 16. Be2 Rhd8 17. Rb1 Rab8 18. O-O Rd6 19. Rfd1 b5 20. axb6 Rbxb6 21. Ra1 Rxd1+ 22.
Bxd1 Bc4 23. g3 Bd3 24. Kg2 Rb1 25. Rxb1 Bxb1 26. Kf3 Kd6 27. e4 Kc5 28. Ke3 a5 29.
Bb3 f6 30. f4 Kb5 31. e5 fxe5 32. fxe5 a4 33. Bf7 a3 34. e6 a2 35. e7 a1=Q 36.
e8=Q+ Kc5 37. Qe5+ Kb6 38. Qd4+ c5 39. Qd6+ Kb5 40. Qb8+ Kc6 41. Qc8+ Kd6 42. Qe6+ Kc7 43. Qe7+ Kc6 44. Be8+ Kd5 45. Qe4+ Kd6 46. Qc6+ Ke7 47. Qd7+ Kf6 48. Qf7+ Ke5 49. Qf4+ Ke6 50. Qg4+ Ke7 51. Qd7+ Kf6 52. Qf7+ Ke5 53. Qxg7+ Ke6 54. Qf7+ Ke5 55. Qg7+ Ke6 56. Bd7+ Kd6 57. Bg4 Bc2 58. Qf6+ Kc7 59.
Qe7+ Kc6 60. Bf3+ Kb5 61. Qb7+ Kc4 62. Bd5+ Kxc3 63. Qg7+ Kb4 64. Qxa1 1-0

[Event "*** Titled Tuesday Blitz"]
[Site "Chess.com"]
[Date "2020.11.10"]
[Round "1"]
[White "gui_borba"]
[Black "ShimanovAlex"]
[Result "1-0"]
[WhiteElo "2433"]
[BlackElo "2824"]
[TimeControl "180+1"]
[EndTime "10:08:31 PST"]
[Termination "gui_borba won by resignation"]

1. e4 d5 2. exd5 Qxd5 3. Nc3 Qd6 4. d4 Nf6 5. Nf3 Nc6 6. Bb5 a6 7. Bxc6+ Qxc6 8. Bf4 e6 9. Qd3 Bb4 10. O-O O-O 11. Ne5 Qe8 12. Ne4 Nxe4 13. Qxe4 Bd6 14. Nc4 Bxf4 15. Qxf4 Qc6 16. Ne3 b6 17. c4 Qd6 18.
Qe4 Rb8 19. Rad1 Bb7 20. d5 Rbe8 21. Qd4 e5 22. Qc3 f5 23. Rfe1 f4 24. Nc2 Bc8 25. f3 a5 26. a3 Bf5 27. Re2 e4 28. fxe4 Rxe4 29. Rxe4 Bxe4 30. Nd4 Qg6 31. Nf3 Bxf3 32. Qxf3 Qc2 33. Qd3 Qxb2 34. d6 cxd6 35. Qd5+ Kh8 36. Qxd6 Rg8 37. Rf1 g5 38. Re1 Qc3 39. Re7 Qc1+ 40.
Kf2 Qb2+ 41. Kf1 g4 42. Qd3 Qc1+ 43. Kf2 g3+ 44. Kf3 Qe3+ 45. Rxe3 fxe3 46. Qd4+ Rg7 47.
Qd8+ Rg8 48. Qd4+ Rg7 49. hxg3 Kg8 50. Qd8+ Kf7 51. Qd5+ Kg6 52. Kxe3 Re7+ 53. Kf3 Rf7+ 54. Kg4 Rf6 55. Qg5+ Kf7 56. Qd5+ Kg6 57. Kh3 Kg7 58. g4 Rh6+ 59. Kg3 Rf6 60. g5 Rg6 61. Qe5+ Kf8 62. Kf4 Kf7 63. Qc7+ Kf8 64. Kf5 Kg8 65. Qd8+ Kg7 66. Qe7+ Kg8 67. g3 a4 68. Qe8+ Kg7 69. Qxa4 1-0

[Event "*** Titled Tuesday Blitz"]
[Site "Chess.com"]
[Date "2020.11.10"]
[Round "1"]
[White "DishonorOnYourCow"]
[Black "maciek_92"]
[Result "0-1"]
[WhiteElo "2391"]
[BlackElo "2753"]
[TimeControl "180+1"]
[EndTime "10:08:36 PST"]
[Termination "maciek_92 won by resignation"]

1. d4 f5 2. c4 Nf6 3. g3 g6 4.
Nh3 Bg7 5. Bg2 d6 6. Nf4 e5 7.
dxe5 dxe5 8. Qxd8+ Kxd8 9. Nd5 c6 10. Nxf6 Bxf6 11. Nc3 Be6 12. b3 e4 13. Bb2 Nd7 14.
O-O-O Kc7 15. f3 exf3 16. exf3 Rhe8 17. f4 Rad8 18. Rhe1 Bf7 19. Kc2 a6 20. Na4 Bxb2 21.
Nxb2 Nf6 22. Bf3 Rxd1 23. Rxe8 Rd7 24. Re2 b5 25. cxb5 axb5 26. Nd3 Bd5 27. Bxd5 Nxd5 28. Re6 Rd6 29. Re8 Rd8 30. Re6 Rd6 31. Re8 Nf6 32. Re7+ Rd7 33. Re6 Ne4 34. Ne5 Rd2+ 35. Kc1 Rxh2 36.
Rxc6+ Kb7 37. a4 bxa4 38. bxa4 Nxg3 39. a5 Ne2+ 40. Kb1 Nxf4 41. Rb6+ Kc7 42. Rc6+ Kb7 43.
Rb6+ Kc7 44. Rc6+ Kd8 45. a6 Rh3 46. Kb2 Rh2+ 47. Kb3 Rh1 48. Kb2 Rh2+ 49. Kb3 Rh3+ 50. Kb4 Rh1 51. Kb5 Rb1+ 52. Kc5 Ke7 53. Rc7+ Ke6 54.
Rxh7 Kxe5 55. a7 Ne6+ 56. Kc6 Ra1 57. Kb6 g5 58. Rb7 g4 59. Rd7 g3 60. Rd3 f4 61.
Rb3 Rxa7 62. Kxa7 Nd4 63. Rb1 f3 64. Kb6 g2 65. Kc5 f2 66. Rb8 g1=Q 67. Re8+ Ne6+ 0-1

[Event "*** Titled Tuesday Blitz"]
[Site "Chess.com"]
[Date "2020.11.10"]
[Round "1"]
[White "Tactictic"]
[Black "KuzubovYuriy"]
[Result "1/2-1/2"]
[WhiteElo "2419"]
[BlackElo "2825"]
[TimeControl "180+1"]
[EndTime "10:08:38 PST"]
[Termination "Game drawn by repetition"]

1. e4 c5 2. Nf3 Nc6 3. d4 cxd4 4. Nxd4 Nf6 5. Nc3 e5 6. Ndb5 d6 7. Bg5 a6 8. Na3 b5 9. Nd5 Be7 10. Bxf6 Bxf6 11. c3 Bg5 12. Nc2 Ne7 13. h4 Bh6 14. Ncb4 O-O 15. a4 bxa4 16. Rxa4 a5 17. Nxe7+ Qxe7 18. Nd5 Qb7 19. b3 f5 20. Bc4 Kh8 21. exf5 Bxf5 22.
O-O Bd7 23. Ra3 Qc6 24. Qd3 Bf5 25. Qe2 Be6 26. Rd1 Qc5 27. b4 axb4 28. cxb4 Qc6 29. b5 Qc5 30. Rxa8 Rxa8 31. b6 Rb8 32. Qe4 Bxd5 33. Qxd5 Qxd5 34. Bxd5 Rxb6 35. Ra1 Rb8 36. Ra7 Bd2 37. Ra8 Rxa8 38. Bxa8 g6 39. Bd5 Kg7 40. g4 h5 41. gxh5 gxh5 42. Kg2 Be1 43. Kg3 Kg6 44.
Be4+ Kf6 45. Bf3 Kg6 46. Be4+ Kh6 47. Bd5 Bd2 48. Be4 Bf4+ 49. Kf3 Bh2 50. Bd5 Bf4 51. Ke4 Bc1 52. Kf3 Kg7 53. Kg3 Bb2 54. Bf3 Kg6 55. Be4+ Kf6 56. Bf3 Kf5 57. Bxh5 e4 58. Be2 Be5+ 59. Kg2 d5 60. h5 Bf4 61. f3 e3 62. Bd3+ Ke5 63. Kf1 Kd4 64. Ke2 Kc3 65.
Bf5 d4 66. Bd3 Bh6 67. Be4 Bf4 68. Bd3 Bh6 69. Be4 Bf4 70. Bd3 1/2-1/2

[Event "*** Titled Tuesday Blitz"]
[Site "Chess.com"]
[Date "2020.11.10"]
[Round "1"]
[White "IMDT02"]
[Black "Chessdude1987"]
[Result "1/2-1/2"]
[WhiteElo "2600"]
[BlackElo "2295"]
[TimeControl "180+1"]
[EndTime "10:08:38 PST"]
[Termination "Game drawn - insufficient material"]

1. d4 Nf6 2. Nf3 g6 3. g3 Bg7 4. Bg2 O-O 5. O-O d6 6. b3 Nc6 7. Bb2 Bf5 8. a3 Ne4 9. Nbd2 e5 10. d5 Nb8 11. c4 Nxd2 12. Nxd2 Qc8 13. Re1 Bh3 14.
Bh1 Nd7 15. Nf3 h6 16. b4 a5 17. Bc3 Nb6 18. c5 Nc4 19. Qb3 b5 20. cxb6 cxb6 21. a4 axb4 22. Bxb4 Qa6 23. Rec1 Rfc8 24. Ne1 Bd7 25. Be4 Bxa4 26. Qf3 Qb7 27. Bd3 e4 28.
Qxe4 Bxa1 29. Rxa1 Ne5 30. Bd2 Nxd3 31. Nxd3 Bc2 32.
Rxa8 Rxa8 33. Bxh6 Bxd3 34. Qxd3 Qe7 35. Be3 Ra1+ 36.
Kg2 Ra4 37. f3 Qe5 38. Bxb6 Ra2 39. Kf2 Ra4 40. Be3 Kh7 41. Bf4 Qf5 42. Qxf5 gxf5 43. Bxd6 Rd4 44. Bf4 Rxd5 45. h4 Kg6 46. g4 fxg4 47.
fxg4 Rd4 48. e3 Ra4 49. Kf3 f5 50. h5+ Kf6 51. g5+ Kf7 52. g6+ Kg7 53. Be5+ Kh6 54.
g7 Kh7 55. Bf6 Ra6 56. Be5 Ra5 57. Kf4 Ra2 58. Kxf5 Rf2+ 59. Ke6 Rg2 60. e4 Rg5 61. Bf6 Rxh5 62. e5 Rh1 63. Kf7 Rg1 64. e6 Rxg7+ 65. Kf8 Ra7 66. Bd8 Rg7 67. Bb6 Rb7 68. e7 Rxe7 69.
Kxe7 1/2-1/2

[Event "*** Titled Tuesday Blitz"]
[Site "Chess.com"]
[Date "2020.11.10"]
[Round "1"]
[White "S2PAc"]
[Black "Malysch"]
[Result "1-0"]
[WhiteElo "2812"]
[BlackElo "2402"]
[TimeControl "180+1"]
[EndTime "10:08:39 PST"]
[Termination "S2PAc won on time"]

1. d4 Nf6 2. g3 c5 3. d5 b5 4. a4 bxa4 5. Bg2 d6 6. c4 g6 7. Qxa4+ Nbd7 8. Qc6 Rb8 9. Rxa7 Bg7 10. Qa4 O-O 11.
Qc2 Ne5 12. Nd2 Qb6 13. Ra2 Qb4 14. Ra4 Qb6 15. e4 Ba6 16. Ne2 Ra8 17. b3 Bb7 18.
Rxa8 Rxa8 19. O-O Qb4 20. Bb2 Ra2 21. Nc3 Ra8 22. Nb5 Qa5 23. Ra1 Qb6 24. Rxa8+ Bxa8 25. h3 Bb7 26. Nb1 Ba6 27. N1a3 Ned7 28. Bc3 Ne8 29.
Bf1 Nc7 30. Nxc7 Qxc7 31. Bxg7 Kxg7 32. Qc3+ f6 33. Nc2 Qb6 34. Ne3 Ne5 35. Kg2 Nd7 36.
f4 Bc8 37. Be2 Nb8 38. e5 Na6 39. exf6+ exf6 40. Bg4 Qd8 41. Bxc8 Qxc8 42. Ng4 Qd8 43. Qe3 Nb4 44. Qe6 Nc2 45. Qe2 Nd4 46. Qa2 h5 47.
Nf2 Qe7 48. Qd2 g5 49. Qd3 gxf4 50. gxf4 Qe1 51. Qg3+ Kf7 52. Qd3 Qc1 53. Qh7+ Kf8 54. Qh6+ Kf7 55. Qxh5+ Ke7 56. Qh7+ Ke8 57. Qe4+ Kf7 58.
h4 Qd2 59. h5 Ne2 60. Kf3 Nd4+ 61. Kg2 Ne2 62. h6 Nxf4+ 63. Kf3 Ng6 64. Qe6+ 1-0

[Event "*** Titled Tuesday Blitz"]
[Site "Chess.com"]
[Date "2020.11.10"]
[Round "1"]
[White "KingCrusher275"]
[Black "Sofiia_Hryzlova"]
[Result "0-1"]
[WhiteElo "2579"]
[BlackElo "2289"]
[TimeControl "180+1"]
[EndTime "10:08:39 PST"]
[Termination "Sofiia_Hryzlova won by checkmate"]

1. d4 Nf6 2. c4 e6 3. Nc3 Bb4 4. Qc2 O-O 5. a3 Bxc3+ 6. Qxc3 b6 7. Bg5 h6 8. Bh4 Bb7 9. f3 d6 10. e3 Nbd7 11. Bd3 e5 12. d5 a5 13. Ne2 a4 14.
O-O Qe7 15. Ng3 g6 16. Ne4 Rfe8 17. f4 Nxe4 18. Bxe7 Nxc3 19. Bh4 Nc5 20. Bc2 N3e4 21. fxe5 Rxe5 22. Rad1 Ba6 23. Rd4 Rae8 24. Rf3 f5 25.
Kf1 Kg7 26. Ke2 Ng5 27. Bxg5 hxg5 28. h3 Ne4 29. g4 fxg4 30. hxg4 Nf6 31. Kf2 Rh8 32.
Kg2 Rh4 33. Rg3 Bc8 34. Bxa4 Nxg4 35. Kf3 Rf5+ 36. Ke2 Ne5 37. Rxg5 Rxd4 38. Rxf5 Rxc4 39. Rf4 Rxf4 40. exf4 Nc4 41. Bb3 Nxb2 42. Kd2 Bf5 43. Kc3 Nd3 44. Kc4 Nxf4 45. Kb5 Bd7+ 46. Ka6 Bc8+ 47.
Ka7 Ne2 48. Kb8 Nd4 49. Bd1 Ba6 50. Kxc7 Bc4 51. Kxd6 b5 52. Kc5 Nf5 53. d6 Kf7 54. a4 bxa4 55. Kxc4 Ne3+ 56. Kc5 Nxd1 57. Kc6 Nc3 58.
d7 Ke7 59. Kc7 Nb5+ 60. Kc8 Nd6+ 61. Kc7 Nf7 62. Kc6 Nd8+ 63. Kc7 Ke6 64. Kxd8 a3 65. Ke8 a2 66. d8=Q a1=Q 67. Qe7+ Kf5 68. Qc5+ Qe5+ 69.
Qxe5+ Kxe5 70. Kf7 g5 71. Kg6 g4 72. Kg5 g3 73. Kg4 g2 74. Kf3 g1=Q 75. Ke2 Qg4+ 76. Kd2 Qf4+ 77. Kc3 Qe4 78. Kb3 Qd4 79. Kc2 Ke4 80.
Kb3 Qd3+ 81. Kb2 Kd4 82. Ka2 Qc3 83. Kb1 Qd2 84. Ka1 Kc3 85. Kb1 Qb2# 0-1

[Event "*** Titled Tuesday Blitz"]
[Site "Chess.com"]
[Date "2020.11.10"]
[Round "1"]
[White "VladimirBugayev"]
[Black "Ajedrez_con_German"]
[Result "1-0"]
[WhiteElo "2239"]
[BlackElo "2545"]
[TimeControl "180+1"]
[EndTime "10:08:42 PST"]
[Termination "VladimirBugayev won on time"]

1. e4 e6 2. d4 d5 3. Bd3 a6 4. Ne2 c5 5. exd5 exd5 6. c3 Nc6 7. dxc5 Bxc5 8. O-O Nge7 9. Nd2 Bg4 10. Nb3 Bb6 11. Qc2 Qd7 12. Bf4 Ng6 13. Bg3 O-O 14. h3 Be6 15. Rad1 Rac8 16. Qd2 Rfd8 17. Bxg6 hxg6 18.
Nbd4 Re8 19. Rfe1 Nxd4 20. Nxd4 Rcd8 21. Bh4 Rc8 22. Nxe6 Rxe6 23. Rxe6 fxe6 24. Bg3 Rf8 25. c4 d4 26. Qd3 Qf7 27. Re1 Re8 28. Be5 Qf5 29.
Re4 Rf8 30. f4 Rd8 31. g4 Qf7 32. b4 Qe7 33. c5 Bc7 34. Rxd4 Rxd4 35. Qxd4 Bxe5 36.
Qxe5 Qh4 37. Kg2 Kf7 38. Qc7+ Kg8 39. Qc8+ Kh7 40. Qxe6 Qd8 41. f5 Qd2+ 42. Kf3 Qd3+ 43. Qe3 Qd5+ 44. Kg3 gxf5 45. gxf5 Qxa2 46. f6 Qf7 47.
Qe4+ g6 48. Qe7 Kg8 49. Kf4 Qc4+ 50. Kg5 Qd5+ 51. Kxg6 Qd3+ 52. Kg5 Qg3+ 53. Kf5 Qxh3+ 54.
Ke5 Qe3+ 55. Kd6 Qd4+ 56. Kc7 Qf4+ 57. Kc8 Qg4+ 58. Kb8 Qg5 59. f7+ 1-0

[Event "*** Titled Tuesday Blitz"]
[Site "Chess.com"]
[Date "2020.11.10"]
[Round "1"]
[White "Mikhal867"]
[Black "klimkoj"]
[Result "1-0"]
[WhiteElo "2347"]
[BlackElo "2633"]
[TimeControl "180+1"]
[EndTime "10:08:43 PST"]
[Termination "Mikhal867 won by resignation"]

1. e4 c5 2. Nf3 d6 3. Bb5+ Nd7 4. O-O Nf6 5. Re1 a6 6. Bf1 e5 7. c3 Be7 8. d4 O-O 9. h3 b5 10.
a4 Bb7 11. d5 c4 12. b4 cxb3 13. axb5 axb5 14. Rxa8 Qxa8 15. Bxb5 Nc5 16. Nbd2 Ba6 17.
Bc6 Qb8 18. Ba3 Bd3 19. Bxc5 Bc2 20. Qc1 dxc5 21. c4 Bd8 22. Qb2 Ba5 23. Re3 Bc7 24.
Bb5 Qa7 25. Nxb3 Bxe4 26. Nfd2 Bg6 27. f3 Ra8 28. Ne4 Nh5 29. d6 Bb6 30. d7 Bf5 31. g4 Bxd7 32. gxh5 Bxb5 33. Nd6 Bc6 34. Qxe5 Qd7 35. Nf5 f6 36. Qe6+ Qxe6 37. Rxe6 Bd7 38. Ne7+ Kf7 39. Rxb6 Kxe7 40. Rb7 Rc8 41. h4 Ke6 42.
Rb6+ Ke7 43. Rb7 Kd6 44. Rb6+ Rc6 45. Rb7 Rc8 46. Rb6+ Rc6 47. Rb7 Ra6 48. Rxd7+ Kc6 49. Rxg7 Ra3 50. Nd2 Rd3 51. Ne4 Rxf3 52. Rxh7 Rf4 53.
Ng3 Rxc4 54. Rf7 Rxh4 55. Rxf6+ Kd5 56. Kg2 c4 57. Rf5+ Kd4 58. Rf4+ Rxf4 59. Ne2+ Ke3 60. Nxf4 Kxf4 61. h6 c3 62. h7 c2 63. h8=Q c1=Q 64. Qh6+ 1-0

[Event "*** Titled Tuesday Blitz"]
[Site "Chess.com"]
[Date "2020.11.10"]
[Round "1"]
[White "joksijoksi"]
[Black "olksuna"]
[Result "0-1"]
[WhiteElo "2298"]
[BlackElo "2616"]
[TimeControl "180+1"]
[EndTime "10:08:43 PST"]
[Termination "olksuna won on time"]

1. d4 Nf6 2. c4 e6 3. Nc3 Bb4 4. f3 d5 5. a3 Be7 6. e4 dxe4 7.
fxe4 c5 8. d5 exd5 9. exd5 O-O 10. Be2 Bf5 11. Nf3 Bd6 12. O-O a6 13. Nh4 Bg6 14. Bg5 Nbd7 15. Nxg6 hxg6 16. Ne4 Be5 17. Rb1 Re8 18. Bg4 Qc7 19. Bxd7 Nxd7 20. Kh1 Bxh2 21. Qf3 f5 22. Nc3 Ne5 23. Qh3 Ng4 24.
Rf3 Be5 25. Rbf1 Bxc3 26. bxc3 Re4 27. Bf4 Qd7 28. Qh4 Rae8 29. Qg5 Qf7 30. Bd6 b6 31. Rf4 Re1 32. g3 Qd7 33. Qxg6 Rxf1+ 34. Rxf1 Nh6 35. Bf4 Nf7 36. Bg5 Nd6 37. Bf4 Ne4 38. Be3 Nxc3 39. Bf4 Ne2 40. Qh5 Nxf4 41. Rxf4 Qe7 42. Kg2 Qe2+ 43.
Qxe2 Rxe2+ 44. Rf2 Re5 45. Rd2 Kf8 46. Kf3 Ke7 47.
Kf4 Kd6 48. g4 fxg4 49. Rg2 g5+ 50. Kxg4 Re4+ 51. Kxg5 Rxc4 52. Rh2 Kxd5 53. Rh6 Rc3 54. Rxb6 Rxa3 55. Kf4 c4 56. Rb8 Kc5 57. Ke4 Rh3 58. Ra8 Kb5 59. Rb8+ Ka4 60. Kd4 c3 61. Rc8 Kb3 62.
Rb8+ Kc2 63. Rb7 Kd2 64. Kc4 c2 65. Rd7+ Kc1 0-1

[Event "*** Titled Tuesday Blitz"]
[Site "Chess.com"]
[Date "2020.11.10"]
[Round "1"]
[White "Happy1712Drummer"]
[Black "TST2014"]
[Result "1-0"]
[WhiteElo "2176"]
[BlackElo "2517"]
[TimeControl "180+1"]
[EndTime "10:08:44 PST"]
[Termination "Happy1712Drummer won on time"]

1. d4 Nf6 2. c4 c5 3. d5 b5 4. a3 bxc4 5. Nc3 Qa5 6. Bd2 Ba6 7. e4 d6 8. f4 Nbd7 9. Nf3 g6 10. e5 dxe5 11. fxe5 Ng4 12. e6 Nde5 13. Ng5 Nf6 14. exf7+ Nxf7 15. Ne6 Bh6 16. Bxh6 Nxh6 17. d6 Nf5 18.
Nc7+ Kf7 19. Nxa8 Rxa8 20. Qf3 Rd8 21. dxe7 Rd7 22. Be2 Rxe7 23. O-O Re3 24. Qc6 Qb6 25. Qxb6 axb6 26. Rae1 h5 27. h3 Kg7 28. Rf3 Re7 29. Ref1 b5 30. Bd1 b4 31. axb4 cxb4 32. Na4 c3 33.
bxc3 Bxf1 34. Rxf1 Ne3 35. Re1 bxc3 36. Nxc3 Ned5 37. Rxe7+ Nxe7 38. Bf3 Nf5 39. Ne4 Nd4 40. Nd2 g5 41. Bd1 Kg6 42. Nf3 Nf5 43. Bc2 Ng8 44.
Nd4 Ne7 45. Nxf5 Nxf5 46. g4 hxg4 47. hxg4 Kf6 48. Bxf5 Ke5 49. Kf2 Kf4 50. Kg2 Ke3 51. Kg3 Ke2 52. Be4 Ke3 53. Bf3 Kd4 54. Kf2 Kd3 55. Bg2 Kd2 56. Kf3 Kd3 57. Bf1+ Kd4 58. Be2 Ke5 59. Ke3 Kd5 60. Bd3 Ke5 61. Be4 Ke6 62.
Kd4 Kd6 63. Bf5 Ke7 64. Ke5 Kf7 65. Kd6 Kg7 66. Ke6 Kh6 67. Be4 Kg7 68. Kf5 Kh6 69. Bf3 1-0

[Event "*** Titled Tuesday Blitz"]
[Site "Chess.com"]
[Date "2020.11.10"]
[Round "1"]
[White "dpopadic"]
[Black "mbojan"]
[Result "0-1"]
[WhiteElo "2347"]
[BlackElo "2679"]
[TimeControl "180+1"]
[EndTime "10:08:48 PST"]
[Termination "mbojan won on time"]

1. e4 c6 2. d4 d5 3. Nd2 dxe4 4. Nxe4 Nf6 5. Ng3 g6 6. Nf3 Bg7 7. Bc4 O-O 8. O-O Nbd7 9. h3 b5 10. Bb3 c5 11. c3 a6 12. Be3 cxd4 13. Nxd4 Bb7 14. Qe2 Qc7 15. Rad1 Nc5 16. Bc2 Rad8 17. Nf3 Ne6 18. Nd4 Bd5 19. Bb3 Nc5 20. Bxd5 Nxd5 21.
Bc1 Na4 22. Qf3 Nab6 23. Rfe1 e5 24. Nb3 f5 25. Qe2 Rde8 26. Nf1 Nf6 27. Qd3 e4 28. Qd6 Qa7 29. Be3 Rb8 30. Na5 Ne8 31. Qe6+ Qf7 32. Qxf7+ Rxf7 33. Nc6 Rbb7 34. Nd8 Nc4 35. Nxf7 Kxf7 36. b3 Ne5 37. Bd4 Nd3 38. Bxg7 Nxe1 39. Rxe1 Kxg7 40. Rd1 Nf6 41. Ne3 Rc7 42. c4 bxc4 43.
Nxc4 Kf7 44. Rd6 Rd7 45. Ne5+ Ke7 46. Nxd7 Kxd6 47. Nxf6 h5 48. Ne8+ Ke5 49. Nc7 a5 50. Kf1 h4 51. Ke2 g5 52. Nb5 Kd5 53. Nc3+ Kd4 54. Kd2 f4 55. Ne2+ Kc5 56. Kc3 Kd5 57. Nd4 Ke5 58. Ne2 Kd5 59. a3 f3 60.
gxf3 exf3 61. Ng1 Ke4 62. Kd2 Kf4 63. b4 a4 64. b5 Ke5 65. b6 Kd6 66. Kc3 g4 67.
hxg4 h3 68. Nxh3 Kc6 0-1

[Event "*** Titled Tuesday Blitz"]
[Site "Chess.com"]
[Date "2020.11.10"]
[Round "1"]
[White "Supernotar"]
[Black "Nikithebest"]
[Result "0-1"]
[WhiteElo "2853"]
[BlackElo "2453"]
[TimeControl "180+1"]
[EndTime "10:08:55 PST"]
[Termination "Nikithebest won by checkmate"]

1. d4 Nf6 2. c4 c5 3. d5 b5 4. Nf3 g6 5. b3 Bg7 6. Bb2 O-O 7.
Nbd2 e6 8. e4 exd5 9. exd5 bxc4 10. bxc4 Re8+ 11. Be2 Qe7 12. Nf1 d6 13. Ne3 Ng4 14.
Bxg7 Nxe3 15. fxe3 Kxg7 16. O-O Qxe3+ 17. Rf2 Nd7 18.
Qf1 Nf6 19. Re1 Ng4 20. Bd1 Qxf2+ 21. Qxf2 Nxf2 22. Rxe8 Nxd1 23. Ng5 Bb7 24. Re7 Kf6 25. Rxf7+ Kxg5 26. Rxb7 Re8 27. h3 Re1+ 28. Kh2 Ne3 29. Rxh7 a5 30. Kg3 Nxc4 31. Rf7 Re3+ 32. Kf2 Ra3 33.
g3 Rxa2+ 34. Kf1 Ne3+ 35. Ke1 c4 36. Rc7 Ra4 37. Ke2 Nxd5 38. Rc6 Nc3+ 39. Kf3 Nb5 40. h4+ Kh6 41. g4 Nd4+ 42. Ke4 Nxc6 43. h5 gxh5 44.
g5+ Kxg5 45. Kd5 Kf4 46. Ke6 c3 47. Kd7 d5 48. Kc7 d4 49. Kb7 Rb4+ 50. Ka8 Ne5 51. Ka7 h4 52. Ka6 Nd3 53. Ka7 h3 54. Ka6 Ke5 55. Ka7 a4 56. Ka6 a3 57. Ka5 h2 58.
Ka6 Kd6 59. Ka7 Kc6 60. Ka8 Rb5 61. Ka7 Nf4 62. Ka6 d3 63. Ka7 c2 64. Ka8 d2 65.
Ka7 c1=N 66. Ka8 d1=N 67. Ka7 h1=N 68. Ka8 a2 69. Ka7 a1=N 70. Ka8 Nab3 71. Ka7 Ncd3 72. Ka8 Nc3 73. Ka7 Nhf2 74. Ka8 Nfe4 75. Ka7 Nbd2 76. Ka8 Nc4 77. Ka7 Kc7 78. Ka6 Nb4+ 79. Ka7 Ned2 80. Ka8 Nb3 81. Ka7 Nba5 82. Ka8 Nfd5 83. Ka7 Nac6+ 84. Ka8 Ncb6# 0-1